 Dungeon Crawl Stone Soup version 0.26-a0-712-ga5a9c9c9d0 (webtiles) character file.

Game seed: 3500817453458370632

484 Inarius the Chiller (level 7, -8/48 HPs)
             Began as a Barachi Ice Elementalist on Nov 3, 2020.
             Was an Initiate of Vehumet.
             Shot with an arrow by a centaur (11 damage)
             ... on level 5 of the Dungeon.
             The game lasted 00:07:57 (4260 turns).

Inarius the Chiller (Barachi Ice Elementalist)      Turns: 4260, Time: 00:07:57

Health: -8/48      AC:  4    Str:  8 (11) XL:     7   Next: 12%
Magic:  12/13      EV: 12    Int: 16 (18) God:    Vehumet [......]
Gold:   106        SH:  3    Dex: 10 (12) Spells: 6/14 levels left

rFire    . . .     SeeInvis .   p - +9 spear "Xosua" {freeze, Str+2}
rCold    + + .     Faith    .   m - +0 buckler
rNeg     . . .     Spirit   .   y - +0 robe {rC+ rF+}
rPois    .         Reflect  .   (no helmet)
rElec    .         Harm     .   j - +0 cloak
rCorr    .         Rampage  .   h - +0 pair of gloves
MR       .....                  w - -1 pair of boots (curse)
Stlth    ++........             (no amulet)
HPRegen  0.16/turn              v - ring of flight
MPRegen  0.13/turn              o - ring of ice

@: slow
A: +LOS, swims, slowness 1, strong legs 1
a: Hop, Renounce Religion, Evoke Flight


You were on level 5 of the Dungeon.
You worshipped Vehumet.
Vehumet was noncommittal.
You visited 2 branches of the dungeon, and saw 6 of its levels.

You collected 248 gold pieces.
You spent 142 gold pieces at shops.

Inventory:

Hand Weapons
 b - a +0 whip
 p - the +9 spear "Xosua" (weapon) {freeze, Str+2}
   (You found it on level 5 of the Dungeon)

   It has been specially enchanted to freeze those struck by it, causing extra
   injury to most foes and up to half again as much damage against particularly
   susceptible opponents.
   It can also slow down cold-blooded creatures.
   It affects your strength (+2).
 A - a +2 whip of venom
Armour
 a - a +0 robe
 h - a +0 pair of gloves (worn)
 j - a +0 cloak (worn)
 m - a +0 buckler (worn)
 r - a +0 kite shield
 w - a cursed -1 pair of boots (worn)
 y - a +0 robe of resistance (worn)
Magical Staves
 F - an uncursed staff of poison
Jewellery
 o - a ring of ice (right hand)
 v - a ring of flight (left hand)
 z - an uncursed amulet of faith {unknown}
 D - a cursed amulet of inaccuracy {unknown}
Scrolls
 c - a scroll of amnesia
 d - a scroll of noise
 e - a scroll of fear
 g - a scroll of blinking {unknown}
 i - 2 scrolls of remove curse
 k - 2 scrolls of magic mapping {unknown}
 l - 2 scrolls of teleportation
 q - a scroll of immolation {unknown}
 s - 3 scrolls of fog {unknown}
 t - 2 scrolls of enchant armour
 C - a scroll of enchant weapon {unknown}
 E - 2 scrolls of identify
Potions
 f - a potion of curing {unknown}
 n - 2 potions of lignification {unknown}
 u - a potion of haste {unknown}
 x - a potion of degeneration
 B - a potion of stabbing {unknown}


   Skills:
 + Level 1.5 Fighting
 - Level 1.8 Maces & Flails
 + Level 2.1 Polearms
 + Level 3.1 Dodging
 - Level 1.7 Stealth
 + Level 0.1 Shields
 + Level 4.0 Spellcasting
 * Level 7.5 Ice Magic


You had 6 spell levels left.
You knew the following spells:

 Your Spells              Type           Power        Failure   Level
a - Freeze                Ice            ####         1%          1
b - Frozen Ramparts       Ice            #####.       3%          3
c - Hailstorm             Conj/Ice       ###.....     50%         4

Your spell library contained the following spells:

 Spells                   Type           Power        Failure   Level
 Ozocubu's Armour         Ice            #####...     3%          3
 Summon Ice Beast         Ice/Summ       ###.....     50%         4


Dungeon Overview and Level Annotations

Branches:
Dungeon (5/15)             Temple (1/1) D:4

Altars:
Cheibriados
Elyvilon
Fedhas
Gozag
Hepliaklqana
Makhleb
Okawaru
Qazlal
Ru
Vehumet
Wu Jian
Xom
Yredelemnul
The Shining One

Shops:
D:5 *


Innate Abilities, Weirdness & Mutations

You can be seen from farther away. (+LOS)
You can swim through water.
You cover ground slowly.
You can hop short distances.


Message History

The centaur shoots an arrow.
The arrow hits you.
* * * LOW HITPOINT WARNING * * *
The orc closely misses you. The orc hits you with a +0 hand axe.
* * * LOW HITPOINT WARNING * * *
The orc barely misses you.
In your confused state, you trip and fall back down the stairs.
* * * LOW HITPOINT WARNING * * *
You feel less confused. The orc closely misses you.
The orc completely misses you. The orc hits you with a +0 hand axe.
* * * LOW HITPOINT WARNING * * *
Unknown command.
Unknown command.
Unknown command.
Unknown command.
It was a potion of degeneration.
There was something very wrong with that liquid.
You feel weakened.
You feel dopey.
You feel clumsy.
The centaur shoots an arrow.
The arrow hits you!
You die...

... ... c.
# .. .. .#
#... .#
...#
###+.#....#
#:o)......#
#.o@o.....+
####+#....#
.... ..


You could see a centaur and 3 orcs.

Vanquished Creatures
  A bullfrog (D:2)
  2 hounds (D:4)
  2 orc wizards (D:5)
  Jessica (D:2)
  Natasha (twice) (D:3)
  3 worker ants
  4 adders (D:3)
  A shadow imp (D:5)
  A white imp (D:5)
  An ooze (D:3)
  A worm (D:2)
  A dart slug (D:1)
  4 leopard geckos
  11 orcs
  7 bats
  6 giant cockroaches
  7 goblins
  5 hobgoblins
  4 jackals (D:5)
  A quokka (D:4)
  13 frilled lizards
  A jackal skeleton (D:5)
  10 kobolds
  6 rats
95 creatures vanquished.

Notes
Turn   | Place    | Note
-------+----------+-------------------------------------------
     0 | D:1      | Inarius the Barachi Ice Elementalist began the quest for
                  | the Orb.
     0 | D:1      | Reached XP level 1. HP: 13/13 MP: 3/3
    22 | D:1      | Reached skill level 5 in Ice Magic
   220 | D:1      | Reached XP level 2. HP: 19/19 MP: 0/5
   655 | D:1      | Reached XP level 3. HP: 22/24 MP: 0/6
  1137 | D:2      | You fall into a shaft and drop 2 floors!
  1162 | D:3      | Found an opulent altar of Gozag.
  1267 | D:2      | Learned a level 3 spell: Frozen Ramparts
  1345 | D:2      | Noticed a bullfrog
  1354 | D:2      | Killed a bullfrog
  1354 | D:2      | Reached skill level 1 in Maces & Flails
  1354 | D:2      | Reached skill level 6 in Ice Magic
  1354 | D:2      | Reached XP level 4. HP: 22/31 MP: 1/8
  1362 | D:2      | Learned a level 4 spell: Hailstorm
  1452 | D:2      | Found an iron altar of Okawaru.
  1457 | D:2      | Reached XP level 5. HP: 36/36 MP: 7/9
  1549 | D:2      | Noticed Jessica
  1573 | D:2      | Killed Jessica
  2604 | D:3      | You fall into a shaft and drop 2 floors!
  2604 | D:5      | Entered Level 5 of the Dungeon
  2668 | D:5      | Found Unuifyel's Assorted Antiques.
  2671 | D:5      | Bought a pair of glowing boots for 142 gold pieces
  2850 | D:5      | Reached skill level 7 in Ice Magic
  2882 | D:5      | Got a pitted spear
  2883 | D:5      | Identified the +9 spear "Xosua" {freeze, Str+2} (You found
                  | it on level 5 of the Dungeon)
  2895 | D:5      | Reached XP level 6. HP: 41/42 MP: 10/10
  2934 | D:5      | Reached skill level 1 in Fighting
  3132 | D:3      | Noticed Natasha
  3141 | D:3      | Killed Natasha
  3525 | D:3      | Noticed Natasha
  3532 | D:3      | Killed Natasha
  3766 | D:4      | Reached skill level 1 in Polearms
  3846 | D:4      | Found a blossoming altar of Fedhas.
  3984 | D:4      | Reached XP level 7. HP: 43/48 MP: 12/12
  4137 | D:4      | Found a staircase to the Ecumenical Temple.
  4186 | Temple   | Entered the Ecumenical Temple
  4207 | Temple   | Became a worshipper of Vehumet
  4260 | D:5      | Shot with an arrow by a centaur

Illustrated notes

Levels and vault maps discovered:
D:1:      ncdulo_watergridlock, layout_rooms, glass_columns_c, st_stairs_8,
          chequers_serial_rivers_micro_e, minmay_lizard_pond
D:2:      layout_loops_ring, okawaru_trees_2, uniq_jessica
D:3:      layout_basic, nicolae_gozag_seed_capital, uniq_natasha
D:4:      layout_gridville, minmay_temple_entry_nine_rooms,
          nicolae_ossuary_entry_false_entrances, fedhas_altar_1
D:5:      layout_gridville, serial_shops, shop, nicolae_shop_trees,
          minivault_25, minmay_misc_feat_columns, uniq_ijyb
Temple:   nicolae_temple_the_god_donut

Skill      XL: |  1  2  3  4  5  6  7 |
---------------+----------------------+-----
Ice Magic      | 5 6 7 |  7.5
Maces & Flails | 1 |  1.8
Spellcasting   | 3 4 |  4.0
Fighting       | 1 |  1.5
Dodging        | 3 |  3.1
Polearms       | 1 2 |  2.1
Stealth        | |  1.7
Shields        | |  0.1

Action                   |  1- 3 |  4- 6 |  7- 9 || total
-------------------------+-------+-------+-------++-------
Melee: Whip              |    89 |    65 |       ||   154
       Spear             |       |    37 |     8 ||    45
 Cast: Freeze            |    28 |    12 |       ||    40
       Frozen Ramparts   |     1 |    15 |     1 ||    17
  Use: Scroll            |       |     8 |       ||     8
       Potion            |       |       |     1 ||     1
 Stab: Sleeping          |     1 |     1 |       ||     2
Armor: Robe              |    29 |    35 |     2 ||    66
Dodge: Dodged            |    71 |    74 |    15 ||   160
Block: Buckler           |       |    14 |     1 ||    15
       Kite shield       |       |     1 |       ||     1

Table legend: (Time is in decaauts)
 A = Elapsed time spent in this place.
 B = Non-inter-level travel time spent in this place.
 C = Inter-level travel time spent in this place.
 D = Time resting spent in this place.
 E = Time spent auto-exploring this place.
 F = Levels seen in this place.
 G = Mean time per level.
                   A        B        C        D        E       F      G
               +--------+--------+--------+--------+--------+-----+--------+
         Total |   4721 |   4485 |    236 |    514 |   2988 |   6 |  786.8 |
       Dungeon |   4671 |   4460 |    211 |    514 |   2970 |   5 |  934.2 |
        Temple |     50 |     25 |     25 |      0 |     18 |   1 |   50.0 |
               +--------+--------+--------+--------+--------+-----+--------+

Top non-repeatable levels by time:
     D:3: 1445 daAuts
     D:1: 1139 daAuts
     D:2: 1064 daAuts
     D:4: 641 daAuts
     D:5: 379 daAuts
  Temple: 50 daAuts
